 Dungeon Crawl Stone Soup version 0.27.0-1-g7a089689b8 (webtiles) character file.

Game seed: 10395375997114349846

121 pkoi the Chopper (level 4, 0/37 HPs)
             Began as a Minotaur Gladiator on Aug 3, 2021.
             Was an Initiate of Dithmenos.
             Slain by a gnoll (5 damage)
             ... on level 2 of the Dungeon.
             The game lasted 00:02:33 (1857 turns).

pkoi the Chopper (Minotaur Gladiator)               Turns: 1857, Time: 00:02:34

Health: 0/37       AC:  5    Str: 20    XL:     4   Next: 77%
Magic:  3/3        EV: 12    Int:  5    God:    Dithmenos [......]
Gold:   55         SH:  0    Dex: 11    Spells: 3/3 levels left

rFire    . . .     SeeInvis .   a - +1 war axe
rCold    . . .     Faith    .   (no shield)
rNeg     . . .     Spirit   .   b - +0 leather armour
rPois    .         Reflect  .   c - +1 hat
rElec    .         Harm     .   (no cloak)
rCorr    .         Rampage  .   i - +0 pair of gloves
Will     .....                  (no boots)
Stlth    +.........             (no amulet)
HPRegen  0.12/turn              (no ring)
MPRegen  0.08/turn              (no ring)

@: no status effects
A: horns 2, retaliatory headbutt
a: Renounce Religion


You were on level 2 of the Dungeon.
You worshipped Dithmenos.
Dithmenos was noncommittal.
You visited 1 branch of the dungeon, and saw 2 of its levels.

You collected 55 gold pieces.

Inventory:

Hand Weapons
 a - a +1 war axe (weapon)
 k - a +4 dagger of venom
Missiles
 d - 3 throwing nets
 f - 28 poisoned darts (quivered)
Armour
 b - a +0 leather armour (worn)
 c - a +1 hat (worn)
 i - a +0 pair of gloves (worn)
Scrolls
 g - a scroll of enchant armour
 h - a scroll of amnesia {unknown}
Potions
 e - a potion of flight
 j - a potion of curing {unknown}


   Skills:
 - Level 2.4 Fighting
 + Level 6.7 Axes
 - Level 2.0 Throwing
 - Level 3.2 Dodging


You had 3 spell levels left.
You didn't know any spells.
Your spell library contained the following spells:

 Spells                   Type           Power      Damage    Failure   Level
 Summon Small Mammal      Summ           0%         N/A       54%         1
 Call Canine Familiar     Summ           0%         N/A       88%         3
 Summon Guardian Golem    Hex/Summ       0%         N/A       88%         3


Dungeon Overview and Level Annotations

Branches:
Dungeon (2/15)

Altars:
Dithmenos


Innate Abilities, Weirdness & Mutations

You have a pair of horns on your head.
You reflexively headbutt those who attack you in melee.


Message History

The giant cockroach bites you but does no damage.
You hit the giant cockroach.
Your headbutt misses the giant cockroach.
The giant cockroach is severely wounded.
The giant cockroach closely misses you.
The giant cockroach bites you but does no damage.
You hit the giant cockroach.
You kill the giant cockroach!
Dithmenos accepts your kill.
No target in view!
Found a stone staircase leading up.
A gnoll comes into view. It is wielding a +0 halberd.
The gnoll shouts!
A gnoll is nearby!
A gnoll is nearby!
A gnoll comes into view. It is wielding a +0 spear.
The gnoll shouts!
A gnoll comes into view. It is wielding a +0 spear.
The gnoll shouts!
The gnoll barely misses you. You furiously retaliate!
You headbutt the gnoll. You hit the gnoll.
The gnoll is severely wounded.
The gnoll hits you from afar with a +0 spear.
The gnoll hits you with a +0 halberd.
You barely miss the gnoll.
The gnoll is severely wounded.
The gnoll hits you from afar with a +0 spear.
The gnoll hits you with a +0 halberd! The gnoll barely misses you.
You slash the gnoll!
You kill the gnoll!
Dithmenos accepts your kill.
The gnoll hits you from afar with a +0 spear.
* * * LOW HITPOINT WARNING * * *
The gnoll hits you with a +0 spear.
* * * LOW HITPOINT WARNING * * *
The gnoll hits you from afar with a +0 spear.
* * * LOW HITPOINT WARNING * * *
You see here a +0 halberd.
You barely miss the gnoll. The gnoll hits you with a +0 spear.
You die...

....# #.# ##### #)# #
... ## ..... .##
#...... ..## #.......
...## ######### ....#
############### ....#
#......@gg.....
....###
#.#############
....'.# #......######
....'.####..###.....<#
....#.†.....# #..#####
(...#.#####.# #..#
.†..#.......###†.#
...##.#..#....<..#
..##..#..#.####.##


You could see 2 gnolls.

Vanquished Creatures
  Jessica (D:2)
  5 gnolls
  2 dart slugs (D:2)
  7 bats (D:1)
  2 endoplasms (D:1)
  A giant cockroach (D:2)
  2 goblins
  4 hobgoblins (D:1)
  3 jackals (D:1)
  4 quokkas
  5 ball pythons
  A frilled lizard (D:1)
  4 kobolds
  3 rats
44 creatures vanquished.

Notes
Turn   | Place    | Note
-------+----------+-------------------------------------------
     0 | D:1      | pkoi the Minotaur Gladiator began the quest for the Orb.
     0 | D:1      | Reached XP level 1. HP: 18/18 MP: 0/0
    12 | D:1      | Reached skill level 4 in Axes
    20 | D:1      | Reached XP level 2. HP: 14/25 MP: 1/1
   399 | D:1      | Reached skill level 5 in Axes
   628 | D:1      | Reached XP level 3. HP: 30/30 MP: 2/2
  1011 | D:2      | Found a shadowy altar of Dithmenos.
  1020 | D:2      | Became a worshipper of Dithmenos the Shadowed
  1372 | D:2      | Reached skill level 6 in Axes
  1372 | D:2      | Reached XP level 4. HP: 30/37 MP: 3/3
  1719 | D:2      | Noticed Jessica
  1724 | D:2      | Killed Jessica
  1857 | D:2      | Slain by a gnoll

Illustrated notes

Levels and vault maps discovered:
D:1:      lightli_molten_gateway, layout_basic, supply_closet_lemuel,
          minmay_close_crescents
D:2:      kennysheep_big_flooded_room, layout_basic, basic_altar, uniq_jessica,
          uniq_crazy_yiuf_cottage

Skill      XL: |  1  2  3 |
---------------+----------+-----
Axes           | 4 5 6 |  6.7
Fighting       | |  2.4
Throwing       | |  2.0
Dodging        | |  3.2

Action                   |  1- 3 |  4- 6 || total
-------------------------+-------+-------++-------
Melee: War axe           |    52 |    22 ||    74
       Headbutt          |    11 |     5 ||    16
  Use: Scroll            |     2 |     5 ||     7
       Potion            |       |     1 ||     1
Armor: Leather armour    |    23 |     4 ||    27
Dodge: Dodged            |    48 |    13 ||    61
